 Dungeon Crawl Stone Soup version 0.29.1-13-g9f3cf754e1 (webtiles) character file.

Game seed: 3533410561730752192

7233 promet the Thaumaturge (level 10, -3/77 HPs)
             Began as a Pale Draconian Venom Mage on Feb 3, 2023.
             Was an Initiate of Hepliaklqana.
             Slain by a hornet (11 damage)
             ... on level 9 of the Dungeon on Feb 4, 2023.
             The game lasted 01:51:38 (14265 turns).

promet the Thaumaturge (Pale Draconian Venom Mage) Turns: 14265, Time: 01:51:38

Health: -3/77      AC: 12    Str: 11    XL:     10   Next: 88%
Magic:  22/22      EV: 13    Int: 25    God:    Hepliaklqana [......]
Gold:   388        SH:  0    Dex: 12    Spells: 18/26 levels left

rFire   . . .      SeeInvis .   a - +1 rapier (speed)
rCold   . . .      Faith    .   (no shield)
rNeg    . . .      Spirit   .   (body armour unavailable)
rPois   .          Reflect  .   (helmet restricted)
rElec   .          Harm     .   (no cloak)
rCorr   .          Rampage  +   (no gloves)
Will    .....                   H - +0 pair of boots {rampage}
Stlth   ++........              A - amulet of magic regeneration
HPRegen 0.22/turn               f - +4 ring of protection
MPRegen 0.58/turn               E - +6 ring of intelligence

@: about to teleport
A: breathe steam, AC +7, unfitting armour, cold-blooded, steam resistance, horns
1, passive freeze
a: Breathe Steam, Renounce Religion


You were on level 9 of the Dungeon.
You worshipped Hepliaklqana.
Hepliaklqana was noncommittal.
You visited 2 branches of the dungeon, and saw 10 of its levels.

You collected 388 gold pieces.

Inventory:

Hand Weapons
 a - a +1 rapier of speed (weapon)
 b - a +0 shortbow
 g - a +1 flail of holy wrath
 w - a +0 quarterstaff
 y - a +0 sling
 z - a +1 dagger of venom
 B - a +2 war axe of venom
 F - a +0 halberd
 I - a +1 short sword of flaming
 L - a +3 great sword of freezing
 P - a +1 flail of draining
Missiles
 e - 73 stones
 r - 4 silver javelins
 v - 31 poisoned darts
 M - 2 curare-tipped darts
Armour
 C - a +2 helmet
 H - a +0 pair of boots of rampaging (worn)
Magical Staves
 J - a staff of air
Jewellery
 f - a +4 ring of protection (left hand)
 t - a ring of positive energy
 u - a +4 ring of protection
 A - an amulet of magic regeneration (around neck)
 E - a +6 ring of intelligence (right hand)
 Q - a ring of fire
Wands
 k - a wand of roots (14) (quivered)
 o - a wand of quicksilver (7)
 G - a wand of flame (23)
Scrolls
 l - 2 scrolls of poison
 m - 3 scrolls of fog
 D - 2 scrolls of amnesia
Potions
 c - a potion of lignification
 h - 2 potions of resistance
 i - 2 potions of attraction
 j - a potion of magic
 p - a potion of cancellation {unknown}
 q - 2 potions of might
 s - 2 potions of flight
 x - 2 potions of brilliance
 N - 3 potions of curing
Miscellaneous
 O - a lightning rod (4/4)


   Skills:
 + Level 3.1 Fighting
 + Level 5.9 Short Blades
 + Level 0.3(1.2) Axes
 + Level 1.8(2.3) Polearms
 + Level 1.8(2.2) Staves
 + Level 2.9 Ranged Weapons
 + Level 3.8 Dodging
 + Level 3.2 Stealth
 + Level 8.6 Spellcasting
 + Level 4.9 Summonings
 + Level 1.5 Transmutations
 + Level 5.5 Air Magic
 + Level 6.6 Poison Magic
 * Level 4.2 Evocations


You had 18 spell levels left.
You knew the following spells:

 Your Spells              Type           Power      Damage    Failure   Level
a - Sting                 Tmut/Pois      100%       1d8       1%          1
b - Poisonous Vapours     Pois/Air       82%        N/A       1%          2
c - Call Imp              Summ           35%        N/A       1%          2
d - Mephitic Cloud        Conj/Pois/Air  31%        N/A       3%          3

Your spell library contained the following spells:

 Spells                   Type           Power      Damage    Failure   Level
 Olgreb's Toxic Radiance  Pois           44%        N/A       3%          4
 Magic Dart               Conj           40%        1d5       5%          1
 Portal Projectile        Hex/Tloc       20%        N/A       17%         3
 Tukima's Dance           Hex            10%        N/A       17%         3
 Blade Hands              Tmut           9%         N/A       63%         5
 Irradiate                Conj/Tmut      7%         3d14      75%         5
 Dragon Form              Tmut           9%         N/A       100%        7


Dungeon Overview and Level Annotations

Branches:
Dungeon (9/15)             Temple (1/1) D:7
   Lair: D:8-11         Orc: D:9-12

Altars:
Ashenzari
Gozag
Hepliaklqana
Kikubaaqudgha
Makhleb
Ru
Sif Muna
Trog
Uskayaw
Zin

Annotations:
D:2 Sigmund


Innate Abilities, Weirdness & Mutations

You can breathe blasts of scalding, opaque steam.
Your pale cyan-grey scales are hard. (AC +7)
You cannot fit into any form of body armour.
You are cold-blooded and may be slowed by cold attacks.
You are immune to the effects of steam.
You have a pair of small horns on your head.
A frigid envelope surrounds you and freezes all who hurt you.


Message History

Your crimson imp disappears in a puff of smoke!
Casting: Call Imp (safe; 1% risk of failure)
Confirm with . or Enter, or press ? or * to list all spells.
A beastly little devil appears in a puff of frigid air.
The shadow strikes at you from the darkness!
* * * LOW HITPOINT WARNING * * *
Reactivating autopickup.
The shadow completely resists.
As you read the scroll of teleportation, it crumbles to dust.
You feel strangely unstable.
The shadow slips into darkness.
The shadow flickers and vanishes!
Deactivating autopickup; reactivate with Ctrl-A.
Your white imp hits something but does no damage.
The shadow strikes at you from the darkness!
* * * LOW HITPOINT WARNING * * *
Reactivating autopickup.
The shadow completely resists.
Your surroundings suddenly seem different.
A hornet comes into view.
Found 17 gold pieces.
The hornet buzzes angrily.
You see here 17 gold pieces.
As you read the scroll of fog, it crumbles to dust.
The scroll dissolves into smoke.
Casting: Call Imp (safe; 1% risk of failure)
Confirm with . or Enter, or press ? or * to list all spells.
A beastly little devil appears in a puff of flame.
You swap places.
The hornet barely misses your crimson imp.
The hornet misses your crimson imp.
Your crimson imp closely misses the hornet.
The hornet stings your crimson imp!
Your crimson imp suddenly stops moving!
Something stings your crimson imp.
Your crimson imp dies!
Your crimson imp disappears in a puff of smoke!
As you read the scroll of teleportation, it crumbles to dust.
You feel strangely unstable. The hornet stings you!
You die...

..>$..#
#...#####
#........
#...#####
#### ## #
#§§ #.
#§# .#
..# #@#
y# ....
#y# .#
...# #§#
.# ..
#§##§##.#
#§.§§...#
####§####
### ...
#.. ...#
#.# ...#
# #.##


You could see a hornet.

Vanquished Creatures
  A hydra (D:7)
  2 two-headed ogres (D:9)
  A slime creature (D:7)
  2 wyverns
  8 yaks
  A steam dragon (D:7)
  4 orc warriors
  A black bear (D:6)
  2 sky beasts
  5 ice beasts
  An ogre (D:6)
  2 centaurs
  2 kobold brigands (D:6)
  Blork the orc (D:4)
  4 bullfrogs
  2 scorpions
  6 wights
  5 killer bees
  2 howler monkeys
  2 hounds
  A gnoll bouda (D:6)
  3 orc priests
  2 orc wizards
  Terence (D:2)
  3 iguanas
  Robin (D:4)
  6 gnolls
  9 adders
  A white imp (D:7)
  2 ufetubi
  5 worms
  4 dart slugs
  23 orcs
  4 bats
  4 endoplasms
  7 giant cockroaches
  13 goblins
  10 hobgoblins
  3 jackals (D:2)
  3 quokkas
  6 ball pythons
  2 frilled lizards
  19 kobolds
  6 rats
  A bush (D:5)
193 creatures vanquished.

Vanquished Creatures (collateral kills)
  Eustachio (D:5)
  A steam dragon (D:7)
  An ice beast (D:4)
  A kobold brigand (D:8)
  A gnoll bouda (D:7)
  A jelly (D:7)
  A gnoll (D:6)
  A white imp (D:7)
  4 orcs
  A ball python (D:3)
  An endoplasm (D:3)
  A kobold (D:8)
15 creatures vanquished.

Grand Total: 208 creatures vanquished

Notes
Turn   | Place    | Note
-------+----------+-------------------------------------------
     0 | D:1      | promet the Draconian Venom Mage began the quest for the
                  | Orb.
     0 | D:1      | Reached XP level 1. HP: 14/14 MP: 3/3
    97 | D:1      | You fall into a shaft and drop 1 floor!
    97 | D:2      | Found a broken altar of Ashenzari.
   178 | D:1      | Found a faded altar of an unknown god.
   481 | D:1      | Reached XP level 2. HP: 20/20 MP: 3/5
   725 | D:2      | Noticed Sigmund
   911 | D:2      | Learned a level 2 spell: Poisonous Vapours
  1006 | D:2      | Reached XP level 3. HP: 15/26 MP: 0/6
  1497 | D:2      | Noticed Terence
  1551 | D:2      | Killed Terence
  1552 | D:2      | Reached skill level 1 in Staves
  1552 | D:2      | Reached XP level 4. HP: 33/33 MP: 1/7
  1701 | D:2      | Gained mutation: You have a pair of small horns on your
                  | head. [potion of mutation]
  1701 | D:2      | Gained mutation: A frigid envelope surrounds you and
                  | freezes all who hurt you. [potion of mutation]
  2202 | D:3      | Learned a level 2 spell: Call Imp
  2585 | D:3      | Reached XP level 5. HP: 39/39 MP: 4/9
  3401 | D:3      | Identified the +0 chain mail "Erghu Ady" {rCorr Dex+3
                  | Stlth+}
  3455 | D:4      | Reached skill level 3 in Spellcasting
  3492 | D:4      | Reached skill level 1 in Fighting
  3739 | D:4      | Noticed Robin
  3978 | D:4      | Noticed Blork the orc
  4010 | D:4      | Killed Blork the orc
  4011 | D:4      | Reached skill level 1 in Air Magic
  4011 | D:4      | Reached XP level 6. HP: 39/47 MP: 1/11
  4096 | D:4      | Killed Robin
  4877 | D:5      | Entered Level 5 of the Dungeon
  4968 | D:5      | Reached skill level 4 in Spellcasting
  4995 | D:5      | Noticed an ice beast
  5014 | D:5      | Noticed an ice beast
  5198 | D:4      | Killed an ice beast
  5199 | D:4      | Your scales start taking on a pale cyan-grey colour.
  5199 | D:4      | Reached XP level 7. HP: 52/52 MP: 9/13
  5199 | D:4      | Gained mutation: You are immune to the effects of steam.
                  | [Pale Draconian growth]
  5272 | D:5      | Reached skill level 1 in Polearms
  5332 | D:5      | Reached skill level 5 in Spellcasting
  5565 | D:5      | Noticed Eustachio
  5779 | D:5      | Killed Eustachio
  5780 | D:5      | Reached skill level 1 in Summonings
  6720 | D:6      | Reached skill level 1 in Short Blades
  6761 | D:6      | Reached XP level 8. HP: 52/59 MP: 9/16
  7167 | D:6      | Reached skill level 6 in Spellcasting
  7167 | D:6      | Reached skill level 5 in Poison Magic
  7572 | D:6      | Reached skill level 1 in Ranged Weapons
  8395 | D:7      | Found a staircase to the Ecumenical Temple.
  8408 | D:6      | Reached XP level 9. HP: 58/67 MP: 9/19
  8570 | Temple   | Entered the Ecumenical Temple
  8584 | Temple   | Became a worshipper of Hepliaklqana the Forgotten
  9307 | D:7      | Reached skill level 7 in Spellcasting
  9313 | D:7      | Noticed an eight-headed hydra
  9550 | D:6      | Learned a level 3 spell: Mephitic Cloud
  9828 | D:7      | Reached skill level 5 in Short Blades
 11514 | D:7      | Identified the +5 chain mail "Boifihua" {rC+++ Str+2 Dex+4
                  | Slay-6}
 11619 | D:7      | Noticed a cyclops
 12061 | D:8      | Found a shimmering blue altar of Sif Muna.
 12062 | D:8      | Found an ancient bone altar of Kikubaaqudgha.
 12063 | D:8      | Found a burning altar of Makhleb.
 12101 | D:8      | Reached skill level 1 in Evocations
 12101 | D:8      | Reached XP level 10. HP: 74/74 MP: 21/21
 12624 | D:7      | Killed an eight-headed hydra
 12625 | D:7      | Reached skill level 8 in Spellcasting
 12625 | D:7      | Reached skill level 5 in Air Magic
 13749 | D:9      | Noticed a two-headed ogre
 13872 | D:9      | Killed a two-headed ogre
 13893 | D:9      | Noticed a two-headed ogre
 13927 | D:9      | Killed a two-headed ogre
 14265 | D:9      | Slain by a hornet

Illustrated notes

Levels and vault maps discovered:
D:1:      heliophobic_arrival_ceremonial_halls, layout_rooms,
          shapermc_ecumenical_altar_totnotflames
D:2:      kennysheep_big_flooded_room, layout_loops_cross, basic_altar,
          nicolae_kite_square_tiling_tiny, minmay_split_cup_large,
          uniq_crazy_yiuf_cottage, uniq_sigmund, uniq_terence
D:3:      layout_loops_corners, dk_vineyard_3, minmay_ruptured
D:4:      layout_loops_ring, uniq_blork_the_orc, uniq_robin
D:5:      layout_basic, kb_lookout_dungeons_type, uniq_eustachio
D:6:      layout_basic, small_statue_alley_b, kennysheep_generic_room_16
D:7:      minmay_the_grid_plus [minmay_the_grid_outer_circle,
          minmay_the_grid_fan, minmay_the_grid_rooms, minmay_the_grid_square_x,
          minmay_the_grid_prize_diamond_cup], layout_loops_corners,
          minmay_temple_entry_mini_moons, enter_bailey_2
D:8:      nicolae_cairo_tiling_large, layout_rooms,
          chequers_temple_overflow_statue_of_worship
D:9:      layout_loops_cross
Temple:   eino_wide_crystal_templ

Skill      XL: |  1  2  3  4  5  6  7  8  9 10 |
---------------+-------------------------------+-----
Stealth        | 2 3 |  3.2
Dodging        | 2 3 |  3.8
Staves         | 1 |  1.8
Poison Magic   | 4 5 6 |  6.6
Spellcasting   | 3 4 5 6 7 8 |  8.6
Fighting       | 1 2 3 |  3.1
Air Magic      | 1 2 3 4 5 |  5.5
Polearms       | 1 |  1.8
Summonings     | 1 2 4 |  4.9
Short Blades   | 1 4 5 |  5.9
Ranged Weapons | 1 2 |  2.9
Evocations     | 1 4 |  4.2
Axes           | |  0.3
Transmutations | |  1.5

Action                   |  1- 3 |  4- 6 |  7- 9 | 10-12 || total
-------------------------+-------+-------+-------+-------++-------
Melee: Quarterstaff      |    39 |    39 |       |       ||    78
       Tailslap          |     5 |    10 |    35 |    12 ||    62
       Headbutt          |       |    10 |    62 |    13 ||    85
       Halberd           |       |    42 |    80 |     4 ||   126
       Rapier            |       |       |   166 |    38 ||   204
       Short sword       |       |       |    36 |     1 ||    37
       Punch             |       |       |     2 |     1 ||     3
       Flail             |       |       |       |     8 ||     8
       Great sword       |       |       |       |     6 ||     6
       War axe           |       |       |       |     2 ||     2
 Fire: Sling             |     3 |     2 |     2 |       ||     7
       Shortbow          |       |       |    29 |    11 ||    40
 Cast: Sting             |    22 |    17 |     8 |       ||    47
       Poisonous Vapours |     8 |    66 |    89 |    35 ||   198
       Call Imp          |       |     7 |    40 |    14 ||    61
       Mephitic Cloud    |       |       |     1 |     1 ||     2
 Abil: Breathe Steam     |       |       |     1 |       ||     1
Evoke: Wand              |       |     5 |     2 |       ||     7
  Use: Scroll            |     9 |     6 |    10 |     5 ||    30
       Potion            |       |     1 |     2 |     1 ||     4
 Stab: Sleeping          |     3 |     4 |       |       ||     7
       Distracted        |       |       |     1 |       ||     1
Armor: Skin              |    20 |    37 |    92 |    26 ||   175
Dodge: Dodged            |    22 |    60 |   146 |    41 ||   269
